Cogmind - Beta 10.2 @@@ ROGUE MODE // 2021.03.16 @ 20:58:25 // Winter2019/RPGLIKE Player: ChromeKnight Result: Destroyed by G-67 Veteran with Plasma Rifle Performance ------------- Evolutions (4) 2000 Regions Visited (15) 3000 Robots Destroyed (39) 195 Value Destroyed (871) 871 Prototype IDs (218) 4360 Alien Tech Used (0) 0 Bonus (3421) 3421 TOTAL SCORE: 13847 Bonus ------- High Alert Combat Kills 28 Follower Combat Kills 93 Met Data Miner 300 Used Data Conduit 3000 Cogmind --------- Core Integrity 0/1200 Matter 290/300 Energy 160/160 System Corruption 7% Temperature Cool (0) Movement Hovering (62) Location -5/Proximity Caves Parts ------- > --- POWER (1) -------- Light Fission Core > --- PROPULSION (4) --- Improved Gyrokinetic Inverter Improved Gyrokinetic Inverter Improved Gyrokinetic Inverter Improved Gyrokinetic Inverter > --- UTILITY (3) ------ Makeshift Sensor Array Advanced Signal Interpreter Deep Network Scanner > --- WEAPON (1) ------- Neutron Cannon > --- INVENTORY (1) ---- System Mapper Peak State ------------ > --- POWER ------------ Light Fission Core > --- PROPULSION ------- Improved Gyrokinetic Inverter Improved Gyrokinetic Inverter Improved Gyrokinetic Inverter Improved Gyrokinetic Inverter > --- UTILITY ---------- Makeshift Sensor Array Advanced Signal Interpreter Deep Network Scanner > --- WEAPON ----------- Neutron Cannon > --- INVENTORY -------- System Mapper [Rating: 56] Favorites ----------- Power Light Angular Momentum Engine Engine Light Angular Momentum Engine Power Core Light Fission Core Propulsion Improved Gyrokinetic Inverter Leg Aluminum Leg Hover Unit Improved Gyrokinetic Inverter Flight Unit Flight Unit Utility Advanced Signal Interpreter Device Makeshift Sensor Array Processor Advanced Signal Interpreter Hackware Makeshift Hacking Suite Protection Light Armor Plating Weapon Small Laser Energy Gun Small Laser Energy Cannon Neutron Cannon Ballistic Gun Flak Gun Special Weapon Remote Datajack Build | -11 -10 -10 -10 -9 -8 -7 -7 -7 -7 -6 -6 -6 -6 -6 -5 ------- Run | Scr Mat Min Exi Min Mat Fac Low Low Zio Pro Fac Low Low Dat Pro Slots Evolved 5 | . . 2 . . 2 1 . . . . . . . . . Power . | . . . . . . . . . . . . . . . . Propulsion 3 | . . 1 . . 1 1 . . . . . . . . . Utility 2 | . . 1 . . 1 . . . . . . . . . . Weapon . | . . . . . . . . . . . . . . . . Parts Attached 51 | 4 6 6 . 5 11 8 1 1 4 . 3 1 . 1 . Power 11 | 1 1 1 . 2 2 1 1 . . . 2 . . . . Engine 9 | 1 1 1 . 2 1 1 1 . . . 1 . . . . Core 2 | . . . . . 1 . . . . . 1 . . . . Reactor . | . . . . . . . . . . . . . . . . Propulsion 15 | 1 2 4 . . 3 4 . . . . 1 . . . . Treads . | . . . . . . . . . . . . . . . . Leg 1 | 1 . . . . . . . . . . . . . . . Wheel . | . . . . . . . . . . . . . . . . Hover 7 | . 2 . . . . 4 . . . . 1 . . . . Flight 7 | . . 4 . . 3 . . . . . . . . . . Utility 15 | 1 2 1 . 2 5 . . . 3 . . . . 1 . Device 6 | . 2 . . . 2 . . . 2 . . . . . . Storage . | . . . . . . . . . . . . . . . . Processor 5 | 1 . 1 . . 3 . . . . . . . . . . Hackware 2 | . . . . . . . . . 1 . . . . 1 . Protection 2 | . . . . 2 . . . . . . . . . . . Artifact . | . . . . . . . . . . . . . . . . Weapon 10 | 1 1 . . 1 1 3 . 1 1 . . 1 . . . Energy Gun 6 | 1 1 . . 1 1 1 . . 1 . . . . . . Energy Cannon 1 | . . . . . . . . . . . . 1 . . . Ballistic Gun 2 | . . . . . . 1 . 1 . . . . . . . Ballistic Cannon . | . . . . . . . . . . . . . . . . Launcher . | . . . . . . . . . . . . . . . . Special Weapon 1 | . . . . . . 1 . . . . . . . . . Impact Weapon . | . . . . . . . . . . . . . . . . Slashing Weapon . | . . . . . . . . . . . . . . . . Piercing Weapon . | . . . . . . . . . . . . . . . . Special Melee Weapon . | . . . . . . . . . . . . . . . . Unidentified Prototypes 2 | . . . . . . . . . 1 . . . . 1 . Parts Lost 1 | . . . . . . . . . . . 1 . . . . Power . | . . . . . . . . . . . . . . . . Propulsion . | . . . . . . . . . . . . . . . . Utility . | . . . . . . . . . . . . . . . . Weapon 1 | . . . . . . . . . . . 1 . . . . Highest Loss Streak 1 | . . . . . . . . . . . 1 . . . . Average Slot Usage (%) 94 | . 88 82 83 83 96 90 100 100 100 100 97 94 100 100 . Engine 11 | . 25 18 16 16 12 . 11 11 11 11 11 . . . . Core 3 | . . . . . 1 10 . . . . . 11 11 11 . Hover 27 | . 24 5 . . . 21 44 44 44 44 41 44 44 44 . Flight 9 | . . 25 33 33 29 13 . . . . . . . . . Device 8 | . 13 . . . 3 11 11 11 13 11 11 11 11 11 . Processor 15 | . . 13 16 16 34 22 22 22 15 11 11 11 11 11 . Hackware 3 | . . . . . . . . . 3 11 11 11 11 11 . Energy Gun 9 | . 25 18 16 16 13 3 . . 7 11 11 . . . . Energy Cannon 1 | . . . . . . . . . . . . 6 11 11 . Ballistic Gun 1 | . . . . . . 1 11 11 3 . . . . . . Naked Turns . | . . . . . . . . . . . . . . . . Heaviest Build 21 | 6 7 4 4 6 15 14 14 14 20 19 19 21 21 21 21 Greatest Support 68 | 10 10 8 8 8 12 68 51 51 51 51 68 68 51 51 51 Greatest Overweight (x) 1 | 1 1 . . . 1 1 . . . . . . . . . Average Overweight (x) . | . . . . . . . . . . . . . . . . Largest Inventory Capacity 1 | . . . . . . . . 1 1 1 1 1 1 1 1 Average Capacity . | . . . . . . . . . 1 1 1 1 1 1 1 Most Carried 1 | . . . . . . . . 1 1 1 1 1 1 1 1 Average Carried . | . . . . . . . . . . 1 1 1 1 1 1 Final Capacity 1 | . . . . . . . . 1 1 1 1 1 1 1 1 Final Carried 1 | . . . . . . . . 1 1 1 1 1 1 1 1 Class Distribution -------------------- 78% | Hacker-Mutant 21% | Hacker-Scout Dominant Class ---------------- Hacker-Mutant | -10/Materials Hacker-Mutant | -10/Mines Hacker-Mutant | -10/Exiles Hacker-Mutant | -9/Mines Hacker-Mutant | -8/Materials Hacker-Scout | -7/Factory Hacker-Scout | -7/Lower Caves Hacker-Scout | -7/Lower Caves Hacker-Mutant | -7/Zion Hacker-Mutant | -6/Proximity Caves Hacker-Mutant | -6/Factory Hacker-Mutant | -6/Lower Caves Hacker-Mutant | -6/Lower Caves Hacker-Mutant | -6/Data Miner Hacker-Mutant | -5/Proximity Caves Resources | -11 -10 -10 -10 -9 -8 -7 -7 -7 -7 -6 -6 -6 -6 -6 -5 ----------- Run | Scr Mat Min Exi Min Mat Fac Low Low Zio Pro Fac Low Low Dat Pro Matter Collected 818 | 240 60 60 . 50 72 68 108 22 25 57 . 32 17 7 . Remotely . | . . . . . . . . . . . . . . . . Salvage Created 1097 | 174 108 338 . . 190 68 57 30 . 109 . . . 23 . Parts 87 | 9 8 26 . . 11 9 6 3 . 12 . . . 3 . Haulers Intercepted 1 | . . . . . 1 . . . . . . . . . . Recyclers Shooed 2 | 1 . 1 . . . . . . . . . . . . . Parts Field Recycled . | . . . . . . . . . . . . . . . . Retrieved Matter . | . . . . . . . . . . . . . . . . Parts Self-Destructed 21 | . . . . . . . 5 4 . 12 . . . . . Prevented 2 | . . . . . . . . 2 . . . . . . . Kills | -11 -10 -10 -10 -9 -8 -7 -7 -7 -7 -6 -6 -6 -6 -6 -5 ------- Run | Scr Mat Min Exi Min Mat Fac Low Low Zio Pro Fac Low Low Dat Pro Combat Hostiles Destroyed 30 | . 4 11 . . 5 2 1 1 . 6 . . . . . Guns 30 | . 4 11 . . 5 2 1 1 . 6 . . . . . Classes Destroyed 10 | 3 1 2 . . 3 1 . . . . . . . . . Worker 1 | 1 . . . . . . . . . . . . . . . Tunneler 4 | 4 . . . . . . . . . . . . . . . Hauler 1 | . . . . . 1 . . . . . . . . . . Recycler 2 | 1 . 1 . . . . . . . . . . . . . Watcher 1 | . . . . . 1 . . . . . . . . . . Swarmer 18 | . . 8 . . 3 . . 1 . 6 . . . . . Grunt 7 | . 4 2 . . 1 . . . . . . . . . . Sentry 2 | . . . . . 1 1 . . . . . . . . . Programmer 2 | . . . . . . 1 1 . . . . . . . . Assembled 1 | . . 1 . . . . . . . . . . . . . Best Kill Streak 6 | 5 1 3 . . 3 1 1 1 . 6 . . . 1 . Combat Bots Only 6 | . 1 3 . . 3 1 1 1 . 6 . . . . . Max Kills in Single Turn 1 | 1 1 1 . . 1 1 1 1 . 1 . . . 1 . Gunslinging . | . . . . . . . . . . . . . . . . Exploded . | . . . . . . . . . . . . . . . . Melee . | . . . . . . . . . . . . . . . . Uniques/NPCs Destroyed 1 | . . . . . . . . . . . . . . 1 . Data Miner (-6/Data Miner) Combat | -11 -10 -10 -10 -9 -8 -7 -7 -7 -7 -6 -6 -6 -6 -6 -5 -------- Run | Scr Mat Min Exi Min Mat Fac Low Low Zio Pro Fac Low Low Dat Pro Damage Taken 2793 | . 295 334 . . 208 282 61 231 . 450 168 . 280 464 20 Core 2312 | . 246 273 . . 166 237 54 186 . 376 142 . 241 375 16 Absorbed by Shields . | . . . . . . . . . . . . . . . . Redirected to Core 1585 | . 158 178 . . 123 147 24 150 . 253 72 . 132 332 16 Core Remaining (%) 81 | 100 . . . 75 89 . . . . 63 . . . . . Volleys Fired 202 | 22 51 47 . . 26 10 7 5 . 18 . . 15 1 . Largest 1 | 1 1 1 . . 1 1 1 1 . 1 . . 1 1 . Hottest 90 | 40 40 40 . . 75 63 28 33 . 81 . . 90 90 . Shots Fired 204 | 22 51 47 . . 26 10 7 5 . 18 . 1 16 1 . Gun 186 | 22 51 47 . . 26 10 7 5 . 18 . . . . . Cannon 18 | . . . . . . . . . . . . 1 16 1 . Launcher . | . . . . . . . . . . . . . . . . Special . | . . . . . . . . . . . . . . . . Kinetic 15 | . . . . . . 3 7 5 . . . . . . . Thermal 189 | 22 51 47 . . 26 7 . . . 18 . 1 16 1 . Explosive . | . . . . . . . . . . . . . . . . Electromagnetic . | . . . . . . . . . . . . . . . . Robot Hit Streak 14 | 9 6 5 . . 8 7 5 1 . 4 . . 13 14 . Robot Miss Streak 5 | 3 3 2 . . 4 4 5 3 . 4 . . . . . Penetration Max . | . . . . . . . . . . . . . . . . Secondary Targets . | . . . . . . . . . . . . . . . . Shots Hit Robots 130 | 15 31 30 . . 17 10 4 2 . 9 . . 11 1 . Core Hits 62 | 7 9 16 . . 9 7 5 1 . 6 . . 1 1 . Critical Hits . | . . . . . . . . . . . . . . . . Critical Kills . | . . . . . . . . . . . . . . . . Critical Parts Destroyed . | . . . . . . . . . . . . . . . . Melee Attacks . | . . . . . . . . . . . . . . . . Impact . | . . . . . . . . . . . . . . . . Slashing . | . . . . . . . . . . . . . . . . Piercing . | . . . . . . . . . . . . . . . . Sneak Attacks . | . . . . . . . . . . . . . . . . Combat Hostiles . | . . . . . . . . . . . . . . . . Follow-up Attacks . | . . . . . . . . . . . . . . . . Damage Inflicted 2466 | 167 352 391 . . 395 226 106 59 . 276 . . 450 44 . Guns 1952 | 167 352 391 . . 391 226 106 43 . 276 . . . . . Cannons 494 | . . . . . . . . . . . . . 450 44 . Explosions . | . . . . . . . . . . . . . . . . Melee . | . . . . . . . . . . . . . . . . Ramming 20 | . . . . . 4 . . 16 . . . . . . . Kinetic 248 | . . . . . . 99 106 43 . . . . . . . Thermal 2198 | 167 352 391 . . 391 127 . . . 276 . . 450 44 . Explosive . | . . . . . . . . . . . . . . . . Electromagnetic . | . . . . . . . . . . . . . . . . Impact . | . . . . . . . . . . . . . . . . Slashing . | . . . . . . . . . . . . . . . . Piercing . | . . . . . . . . . . . . . . . . Highest Corruption 7 | . . . . . . 3 4 4 4 . 5 5 7 7 7 Average Corruption 4 | . . . . . . 2 3 4 4 . 5 5 6 7 7 Corruption Purged . | . . . . . . . . . . . . . . . . Effects 31 | . . . . . . 1 5 7 1 . 2 8 4 2 1 Message Errors 8 | . . . . . . . 1 2 1 . 1 2 1 . . Matter Fused 3 | . . . . . . . . 2 . . . . . 1 . Heat Flow Errors 2 | . . . . . . . . . . . . 1 . 1 . Energy Discharges 9 | . . . . . . 1 3 3 . . . 2 . . . Data Loss (minor) 1 | . . . . . . . 1 . . . . . . . . Data Loss (major) 5 | . . . . . . . . . . . 1 2 1 . 1 Misfires 2 | . . . . . . . . . . . . 1 1 . . Targeting Errors 1 | . . . . . . . . . . . . . 1 . . Overload Shots . | . . . . . . . . . . . . . . . . Overflow Damage 49 | . . . . . . . . . . . . . 49 . . Projectiles 49 | . . . . . . . . . . . . . 49 . . Explosions . | . . . . . . . . . . . . . . . . Melee . | . . . . . . . . . . . . . . . . Knockbacks . | . . . . . . . . . . . . . . . . Impact . | . . . . . . . . . . . . . . . . Kinetic . | . . . . . . . . . . . . . . . . Secondary . | . . . . . . . . . . . . . . . . Self-Inflicted Damage 10 | . . . . . 2 . . 8 . . . . . . . Shots . | . . . . . . . . . . . . . . . . Rammed 3 | . . . . . 1 . . 2 . . . . . . . Targets Rammed 3 | . . . . . 1 . . 2 . . . . . . . Kicked . | . . . . . . . . . . . . . . . . Crushed . | . . . . . . . . . . . . . . . . Highest Temperature 461 | . . . . . 18 104 . . . 461 6 273 430 233 . Average Temperature 172 | . . . . . 10 56 . . . 231 5 142 204 119 . Received Heat Transfer 528 | . 168 105 . . 54 48 . 33 . . 54 . . 66 . Effects 7 | . . . . . . . . . . 6 . . 1 . . Shutdowns 1 | . . . . . . . . . . 1 . . . . . Energy Bleed 1 | . . . . . . . . . . . . . 1 . . Interference 2 | . . . . . . . . . . 2 . . . . . Matter Decay 1 | . . . . . . . . . . 1 . . . . . Damage (minor) 2 | . . . . . . . . . . 2 . . . . . Siege Activations . | . . . . . . . . . . . . . . . . Robots Corrupted . | . . . . . . . . . . . . . . . . Combat Hostiles . | . . . . . . . . . . . . . . . . Parts Fried . | . . . . . . . . . . . . . . . . Impact Corruptions . | . . . . . . . . . . . . . . . . Robots Melted . | . . . . . . . . . . . . . . . . Combat Hostiles . | . . . . . . . . . . . . . . . . Parts Melted 6 | . 1 2 . . . 2 . . . 1 . . . . . Heat Transferred 3632 | 375 800 825 . . 666 259 . . . 407 . . 275 25 . Parts Sabotaged . | . . . . . . . . . . . . . . . . Parts Stolen . | . . . . . . . . . . . . . . . . Parts Stripped . | . . . . . . . . . . . . . . . . Power Chain Reactions . | . . . . . . . . . . . . . . . . Missiles Intercepted . | . . . . . . . . . . . . . . . . Alert | -11 -10 -10 -10 -9 -8 -7 -7 -7 -7 -6 -6 -6 -6 -6 -5 ------- Run | Scr Mat Min Exi Min Mat Fac Low Low Zio Pro Fac Low Low Dat Pro Peak Influence 561 | 30 133 301 . 71 183 561 . . . . 195 . . . . Initial 97 | . 19 11 . . 27 46 . . . . 97 . . . . Average 104 | 13 70 195 . 48 99 136 . . . . 139 . . . . Maximum Alert Level 2 | . . 1 . . . 2 . . . . . . . . . Low Security (%) 88 | 100 100 41 . 100 100 86 . . . . 100 . . . . Level 1 9 | . . 58 . . . . . . . . . . . . . Level 2 2 | . . . . . . 13 . . . . . . . . . Level 3 . | . . . . . . . . . . . . . . . . Level 4 . | . . . . . . . . . . . . . . . . Level 5 . | . . . . . . . . . . . . . . . . High Security . | . . . . . . . . . . . . . . . . Max Security . | . . . . . . . . . . . . . . . . Squads Dispatched 7 | . 4 . . . 1 1 . 1 . . . . . . . Investigation 5 | . 3 . . . 1 1 . . . . . . . . . Extermination . | . . . . . . . . . . . . . . . . Reinforcement 1 | . 1 . . . . . . . . . . . . . . Assault 1 | . . . . . . . . 1 . . . . . . . Garrison . | . . . . . . . . . . . . . . . . Intercept . | . . . . . . . . . . . . . . . . Construction Impeded . | . . . . . . . . . . . . . . . . Haulers Reinforced . | . . . . . . . . . . . . . . . . Stealth | -11 -10 -10 -10 -9 -8 -7 -7 -7 -7 -6 -6 -6 -6 -6 -5 --------- Run | Scr Mat Min Exi Min Mat Fac Low Low Zio Pro Fac Low Low Dat Pro Distress Signals 6 | . 3 . . . 3 . . . . . . . . . . Communications Jammed . | . . . . . . . . . . . . . . . . Distress Signals . | . . . . . . . . . . . . . . . . Times Spotted 79 | . 9 18 . 4 14 4 1 11 . 7 2 . 2 4 3 Peak Tracking Total 10 | . 2 5 . 2 4 2 1 10 . 7 2 . 2 4 . Tactical Retreats 11 | . 1 3 . . 2 1 . 1 . 1 1 . 1 . . Traps | -11 -10 -10 -10 -9 -8 -7 -7 -7 -7 -6 -6 -6 -6 -6 -5 ------- Run | Scr Mat Min Exi Min Mat Fac Low Low Zio Pro Fac Low Low Dat Pro Traps Triggered 4 | . 2 . . . . . . . . . 2 . . . . Indirectly . | . . . . . . . . . . . . . . . . Trap Hack Attempts . | . . . . . . . . . . . . . . . . Triggered . | . . . . . . . . . . . . . . . . Disarmed . | . . . . . . . . . . . . . . . . Reprogrammed . | . . . . . . . . . . . . . . . . Reused . | . . . . . . . . . . . . . . . . Traps Extracted . | . . . . . . . . . . . . . . . . Installed . | . . . . . . . . . . . . . . . . Triggered 1 | . . . . . . . . . . . . . 1 . . Machines | -11 -10 -10 -10 -9 -8 -7 -7 -7 -7 -6 -6 -6 -6 -6 -5 ---------- Run | Scr Mat Min Exi Min Mat Fac Low Low Zio Pro Fac Low Low Dat Pro Machines Disabled 2 | . . . . . 2 . . . . . . . . . . Max in Single Turn 1 | . . . . . 1 . . . . . . . . . . Machines Sabotaged . | . . . . . . . . . . . . . . . . Garrisons Compromised . | . . . . . . . . . . . . . . . . Overloaded Fab Kills . | . . . . . . . . . . . . . . . . Fab Network Shutdowns 1 | . . . . . . 1 . . . . . . . . . Hacking | -11 -10 -10 -10 -9 -8 -7 -7 -7 -7 -6 -6 -6 -6 -6 -5 --------- Run | Scr Mat Min Exi Min Mat Fac Low Low Zio Pro Fac Low Low Dat Pro Machines Accessed 15 | . 1 . . . 4 2 . 1 . . 2 1 . 4 . Terminals 6 | . 1 . . . 4 . . . . . 1 . . . . Fabricators 1 | . . . . . . 1 . . . . . . . . . Repair Stations 1 | . . . . . . . . . . . 1 . . . . Recycling Units . | . . . . . . . . . . . . . . . . Scanalyzers . | . . . . . . . . . . . . . . . . Garrison Access 1 | . . . . . . 1 . . . . . . . . . Total Hacks 71 | . 7 . . . 20 7 . 3 . . 5 1 . 28 . Successful 56 | . 2 . . . 15 2 . 3 . . 5 1 . 28 . Failed 15 | . 5 . . . 5 5 . . . . . . . . . Catastrophic . | . . . . . . . . . . . . . . . . Database Lockouts . | . . . . . . . . . . . . . . . . Manual 16 | . 2 . . . 12 . . . . . 2 . . . . Terminals 30 | . 7 . . . 20 . . . . . 3 . . . . Fabricators 4 | . . . . . . 4 . . . . . . . . . Repair Stations 2 | . . . . . . . . . . . 2 . . . . Recycling Units . | . . . . . . . . . . . . . . . . Scanalyzers . | . . . . . . . . . . . . . . . . Garrison Access 3 | . . . . . . 3 . . . . . . . . . Terminal Hacks 46 | . 2 . . . 9 . . 3 . . 3 1 . 28 . Record 14 | . . . . . . . . 3 . . . . . 11 . Part Schematic 9 | . . . . . . . . . . . . . . 9 . Robot Schematic 6 | . . . . . . . . . . . 1 . . 5 . Robot Analysis 1 | . 1 . . . . . . . . . . . . . . Prototype ID Bank 4 | . . . . . 1 . . . . . . . . 3 . Open Door 1 | . . . . . . . . . . . . 1 . . . Branch Access Points 1 | . . . . . 1 . . . . . . . . . . Terminal Index 2 | . . . . . 1 . . . . . 1 . . . . Fabricator Index 1 | . . . . . . . . . . . 1 . . . . Alert Level 4 | . . . . . 4 . . . . . . . . . . Recall Investigation 1 | . . . . . 1 . . . . . . . . . . Recall Reinforcements 1 | . 1 . . . . . . . . . . . . . . Registered Components 1 | . . . . . 1 . . . . . . . . . . Fabricator Hacks 2 | . . . . . . 2 . . . . . . . . . Build 2 | . . . . . . 2 . . . . . . . . . Repair Station Hacks 2 | . . . . . . . . . . . 2 . . . . Scan Component 1 | . . . . . . . . . . . 1 . . . . Repair 1 | . . . . . . . . . . . 1 . . . . Recycling Unit Hacks . | . . . . . . . . . . . . . . . . Scanalyzer . | . . . . . . . . . . . . . . . . Garrison Access Hacks . | . . . . . . . . . . . . . . . . Unauthorized Hacks 6 | . . . . . 6 . . . . . . . . . . Terminals 6 | . . . . . 6 . . . . . . . . . . Track 2 | . . . . . 2 . . . . . . . . . . Botnet 3 | . . . . . 3 . . . . . . . . . . Operators 1 | . . . . . 1 . . . . . . . . . . Fabricators . | . . . . . . . . . . . . . . . . Repair Stations . | . . . . . . . . . . . . . . . . Recycling Units . | . . . . . . . . . . . . . . . . Scanalyzers . | . . . . . . . . . . . . . . . . Garrison Access . | . . . . . . . . . . . . . . . . Data Cores Recovered . | . . . . . . . . . . . . . . . . Used . | . . . . . . . . . . . . . . . . Hacking Detections 7 | . 1 . . . 3 2 . . . . 1 . . . . Full Trace Events 1 | . . . . . . 1 . . . . . . . . . Feedback Events . | . . . . . . . . . . . . . . . . Feedback Blocked . | . . . . . . . . . . . . . . . . Robot Schematics Acquired 6 | . . . . . . . . . . . 1 . . 5 . Robots Built . | . . . . . . . . . . . . . . . . Matter . | . . . . . . . . . . . . . . . . Time . | . . . . . . . . . . . . . . . . Total Robot Build Rating . | . . . . . . . . . . . . . . . . Part Schematics Acquired 9 | . . . . . . . . . . . . . . 9 . Parts Built 4 | . . . . . . 4 . . . . . . . . . Matter 468 | . . . . . . 468 . . . . . . . . . Time 116 | . . . . . . 116 . . . . . . . . . Total Part Build Rating 28 | . . . . . . 28 . . . . . . . . . Parts Repaired 1 | . . . . . . . . . . . 1 . . . . Time 20 | . . . . . . . . . . . 20 . . . . Parts Recycled . | . . . . . . . . . . . . . . . . Recycled Matter . | . . . . . . . . . . . . . . . . Retrieved Matter . | . . . . . . . . . . . . . . . . Retrieved Components . | . . . . . . . . . . . . . . . . Parts Scanalyzed . | . . . . . . . . . . . . . . . . Part Schematics Acquired . | . . . . . . . . . . . . . . . . Parts Damaged . | . . . . . . . . . . . . . . . . Bothacking | -11 -10 -10 -10 -9 -8 -7 -7 -7 -7 -6 -6 -6 -6 -6 -5 ------------ Run | Scr Mat Min Exi Min Mat Fac Low Low Zio Pro Fac Low Low Dat Pro Used RIF Installer . | . . . . . . . . . . . . . . . . Robots Hacked . | . . . . . . . . . . . . . . . . Non-combat . | . . . . . . . . . . . . . . . . Combat . | . . . . . . . . . . . . . . . . Robot Hacks Applied . | . . . . . . . . . . . . . . . . Relay Couplers Released . | . . . . . . . . . . . . . . . . Robots Rewired . | . . . . . . . . . . . . . . . . Allies Hacked . | . . . . . . . . . . . . . . . . Hacks Repelled . | . . . . . . . . . . . . . . . . Allies | -11 -10 -10 -10 -9 -8 -7 -7 -7 -7 -6 -6 -6 -6 -6 -5 -------- Run | Scr Mat Min Exi Min Mat Fac Low Low Zio Pro Fac Low Low Dat Pro Total Allies 2 | . . . . 2 . . . . . . . . . . . Largest Group 2 | . . . . 2 2 . . . . . . . . . . Highest-Rated Group 45 | . . . . 45 45 . . . . . . . . . . Highest-Rated Ally 31 | . . . . 31 31 . . . . . . . . . . Total Orders . | . . . . . . . . . . . . . . . . Ally Attacks 22 | . . . . 5 17 . . . . . . . . . . Total Damage 399 | . . . . 106 293 . . . . . . . . . . Kills 3 | . . . . 2 1 . . . . . . . . . . Allies Corrupted . | . . . . . . . . . . . . . . . . Allies Melted . | . . . . . . . . . . . . . . . . Intel | -11 -10 -10 -10 -9 -8 -7 -7 -7 -7 -6 -6 -6 -6 -6 -5 ------- Run | Scr Mat Min Exi Min Mat Fac Low Low Zio Pro Fac Low Low Dat Pro Robot Analysis Total 116 | . 1 . . . . . . . . . . . . 115 . Derelict Logs Recovered 6 | . . . . 1 . . 2 1 . 2 . . . . . Drone Launches . | . . . . . . . . . . . . . . . . Drone Recoveries . | . . . . . . . . . . . . . . . . Exploration | -11 -10 -10 -10 -9 -8 -7 -7 -7 -7 -6 -6 -6 -6 -6 -5 ------------- Run | Scr Mat Min Exi Min Mat Fac Low Low Zio Pro Fac Low Low Dat Pro Turns Passed 4221 | 177 517 361 30 204 540 345 224 259 383 378 89 443 199 71 1 Spaces Moved 4377 | 112 417 409 82 149 394 258 330 351 554 335 103 508 268 106 1 Core 14 | 14 . . . . . . . . . . . . . . . Treads . | . . . . . . . . . . . . . . . . Legs 108 | 98 10 . . . . . . . . . . . . . . Wheels . | . . . . . . . . . . . . . . . . Hover 3132 | . 407 47 . . . 122 330 351 554 335 103 508 268 106 1 Flight 1123 | . . 362 82 149 394 136 . . . . . . . . . Fastest Speed 34 | 50 60 37 37 37 34 34 62 62 62 62 58 58 62 62 62 Average Speed 63 | 113 84 39 37 37 80 60 62 62 62 62 60 61 62 62 62 Slowest Speed 120 | 120 120 60 37 37 117 114 62 62 62 62 62 62 62 62 62 Overloaded Moves . | . . . . . . . . . . . . . . . . Propulsion Burnouts . | . . . . . . . . . . . . . . . . Robots Hopped 6 | . . 6 . . . . . . . . . . . . . Cave-ins Triggered . | . . . . . . . . . . . . . . . . Exploration Rate (%) 40 | 6 66 67 17 40 32 4 57 52 52 53 5 71 44 79 2 Regions Visited 15 Branch Regions 11 Pre-discovered Areas 32 | . . . . 1 . . . 1 . . . . . 30 . Known Exits Taken 10 | . . . . . 1 1 1 1 1 1 1 1 1 1 . Unknown Exits Taken 5 | 1 1 1 1 1 . . . . . . . . . . . Scrap Searched 12 | . . 3 . 1 . . 1 1 1 1 . 3 1 . . Spaces Dug 3 | . . . . . . . . . . . . . 3 . . Terrain Destroyed 8 | . . . . . 2 . . . . . . 1 5 . . Melee . | . . . . . . . . . . . . . . . . Projectile 8 | . . . . . 2 . . . . . . 1 5 . . AOE . | . . . . . . . . . . . . . . . . Terrain Rammed . | . . . . . . . . . . . . . . . . Walls Destroyed . | . . . . . . . . . . . . . . . . Machines Disabled . | . . . . . . . . . . . . . . . . Actions | -11 -10 -10 -10 -9 -8 -7 -7 -7 -7 -6 -6 -6 -6 -6 -5 --------- Run | Scr Mat Min Exi Min Mat Fac Low Low Zio Pro Fac Low Low Dat Pro Total 5591 | 138 532 554 81 298 588 435 342 386 595 486 128 635 282 110 1 Wait 875 | . 45 92 . 134 136 146 4 15 29 127 20 127 . . . Move 4350 | 111 416 396 81 148 393 257 329 350 553 334 102 507 267 105 1 Hop 6 | . . 6 . . . . . . . . . . . . . Pick Up 4 | . . . . . . . . . 3 . . . . 1 . Fast Attach 36 | 4 3 3 . 3 9 8 . . 2 . 2 1 . 1 . Attach 1 | . . . . . . . . . 1 . . . . . . Detach . | . . . . . . . . . . . . . . . . Swap 14 | . 3 3 . 2 2 . 1 1 1 . 1 . . . . Drop 42 | 1 6 4 . 5 8 7 1 . 6 . 2 . . 2 . Fire 202 | 22 51 47 . . 26 10 7 5 . 18 . . 15 1 . Melee . | . . . . . . . . . . . . . . . . Ram 3 | . . . . . 1 . . 2 . . . . . . . Kick . | . . . . . . . . . . . . . . . . Crush . | . . . . . . . . . . . . . . . . Escape Stasis 1 | . . . . . . . . . . . 1 . . . . Rewire . | . . . . . . . . . . . . . . . . Trap . | . . . . . . . . . . . . . . . . Miscellaneous 57 | . 8 3 . 6 13 7 . 13 . 7 . . . . . Route ------- -11/Scrapyard -10/Materials (discovered 2 exits: [*Mat] / [*Min]) -10/Mines (discovered 3 exits: [*Mat x2] / [*Exi]) -10/Exiles -9/Mines -8/Materials (discovered 3 exits: *Fac / Sto x2) -7/Factory (discovered 2 exits: *Fac / *Low) -7/Lower Caves (discovered 2 exits: *Low / *Zio) -7/Lower Caves -7/Zion -6/Proximity Caves -6/Factory (discovered 4 exits: Fac x2 / *Low x2) -6/Lower Caves -6/Lower Caves -6/Data Miner -5/Proximity Caves History --------- Turn | Location | Event 10 | -11/Scrapyard | Discovered new exit (range 16) 178 | -11/Scrapyard | Entered Materials 305 | -10/Materials | Build established: Hacker-Mutant 550 | -10/Materials | Discovered new exit (range 8) 630 | -10/Materials | Discovered new exit (range 6) 695 | -10/Materials | Entered Mines 723 | -10/Mines | Reached level 2 771 | -10/Mines | Upgraded with Propulsion slot (x1) 771 | -10/Mines | Upgraded with Utility slot (x1) 794 | -10/Mines | Received a Rocket Launcher from a helpful Derelict 802 | -10/Mines | Assembled infested the area 807 | -10/Mines | Assisted by a Guerilla fighting off Assembled 873 | -10/Mines | Discovered new exit (range 7) 889 | -10/Mines | Discovered new exit (range 12) 1047 | -10/Mines | Received a Mining Laser from a helpful Derelict 1055 | -10/Mines | Deemed a non-threat by the Exiles lab entrance 1055 | -10/Mines | Discovered new exit (range 5) 1056 | -10/Mines | Entered Exiles 1061 | -10/Exiles | Discovered new exit (range 16) 1066 | -10/Exiles | Met 8R-AWN 1072 | -10/Exiles | Met EX-HEX 1086 | -10/Exiles | Entered Mines 1088 | -9/Mines | Reached level 3 1104 | -9/Mines | Joined a pair of Derelicts in attacking an 0b10 outpost 1193 | -9/Mines | Discovered new exit (range 3) 1290 | -9/Mines | Entered Materials 1290 | -8/Materials | Accompanied by 2 allies 1292 | -8/Materials | Reached level 4 1292 | -8/Materials | Upgraded with Utility slot (x1) 1295 | -8/Materials | Led the pair of lost Derelicts to an unsafe place 1295 | -8/Materials | Identified exit to Storage 1716 | -8/Materials | Reached level 5 1738 | -8/Materials | Upgraded with Propulsion slot (x1) 1827 | -8/Materials | Discovered new exit (range 4) 1829 | -8/Materials | Identified exit to Factory 1830 | -8/Materials | Entered Factory 1832 | -7/Factory | Reached level 6 1832 | -7/Factory | Upgraded with Propulsion slot (x1) 1896 | -7/Factory | Discovered new exit (range 21) 1975 | -7/Factory | Fabricated Imp. Gyrokinetic Inverter (x2) 2038 | -7/Factory | Fabricated Imp. Gyrokinetic Inverter (x2) 2129 | -7/Factory | Local fabrication network quarantined 2159 | -7/Factory | Discovered new exit (range 11) 2160 | -7/Factory | Identified exit to Factory 2175 | -7/Factory | Identified exit to Lower Caves 2175 | -7/Factory | Entered Lower Caves 2189 | -7/Lower Caves | Build established: Hacker-Scout 2230 | -7/Lower Caves | Learned 12 Factory zone layouts 2359 | -7/Lower Caves | Learned Factory security intel 2378 | -7/Lower Caves | Encountered a Warlord checkpoint 2393 | -7/Lower Caves | Discovered new exit (range 5) 2395 | -7/Lower Caves | A Derelict revealed a hidden shortcut to a safe place 2396 | -7/Lower Caves | Identified exit to Lower Caves 2398 | -7/Lower Caves | Identified exit to Zion 2399 | -7/Lower Caves | Entered another Lower Caves area 2401 | -7/Lower Caves | Reached level 7 2455 | -7/Lower Caves | Learned Armory trap positions 2455 | -7/Lower Caves | Learned Armory emergency access door positions 2477 | -7/Lower Caves | Learned location of Zion (-7) 2608 | -7/Lower Caves | Attracted the attention of an 0b10 checkpoint 2632 | -7/Lower Caves | Attracted the attention of an 0b10 outpost 2652 | -7/Lower Caves | Discovered exit to Zion (range 7) 2658 | -7/Lower Caves | Entered Zion 2703 | -7/Zion | Given the Hacking Drone Bay 2704 | -7/Zion | Found Prototype Device 2707 | -7/Zion | Discovered new exit (range 10) 2713 | -7/Zion | Identified exit to Proximity Caves 2744 | -7/Zion | System corruption cleaned by Quarantine Array 2814 | -7/Zion | Found Prototype Device 2817 | -7/Zion | Identified Mobile Refinery Mk. CCLXVII 3041 | -7/Zion | Entered Proximity Caves 3043 | -6/Proximity Caves | Reached level 8 3110 | -6/Proximity Caves | Build established: Hacker-Mutant 3353 | -6/Proximity Caves | Learned Factory emergency access door positions 3413 | -6/Proximity Caves | Discovered exit to Factory (range 9) 3419 | -6/Proximity Caves | Entered Factory 3420 | -6/Factory | Identified exit to Lower Caves 3421 | -6/Factory | Identified exit to Factory 3421 | -6/Factory | Reached level 9 3487 | -6/Factory | Repaired Imp. Gyrokinetic Inverter 3494 | -6/Factory | Reached level 10 3495 | -6/Factory | Discovered exit to Lower Caves (range 13) 3508 | -6/Factory | Entered Lower Caves 3946 | -6/Lower Caves | Discovered new exit (range 9) 3951 | -6/Lower Caves | Identified exit to Lower Caves 3951 | -6/Lower Caves | Entered another Lower Caves area 4008 | -6/Lower Caves | Spotted B-75 Beast 4035 | -6/Lower Caves | Attacked by a delusional Derelict stockpiling parts 4036 | -6/Lower Caves | Core integrity fell below 50% 4146 | -6/Lower Caves | Discovered new exit (range 6) 4149 | -6/Lower Caves | Identified exit to Data Miner 4150 | -6/Lower Caves | Entered Data Miner 4150 | -6/Data Miner | Discovered new exit (range 6) 4152 | -6/Data Miner | Reached level 11 4162 | -6/Data Miner | Met Data Miner 4182 | -6/Data Miner | Learned location of Section 7 (-2) 4182 | -6/Data Miner | Acquired the access code to Warlord's prototype stash 4191 | -6/Data Miner | Received God Mode back door access code from Data Miner 4196 | -6/Data Miner | Destroyed Data Miner 4199 | -6/Data Miner | Reached level 12 4199 | -6/Data Miner | Interfaced with the Data Conduit 4200 | -6/Data Miner | Found Prototype Hackware 4203 | -6/Data Miner | Found Prototype Hackware 4203 | -6/Data Miner | Identified Deep Network Scanner 4214 | -6/Data Miner | Core integrity fell below 20% 4221 | -6/Data Miner | Identified exit to Proximity Caves 4221 | -6/Data Miner | Entered Proximity Caves 4222 | -5/Proximity Caves | Destroyed by G-67 Veteran with Plasma Rifle Last Messages --------------- 04199_ Acquired 7 matter. 04199_ Interfacing with system... 04199_ Reached level 12. Downloaded 115 analysis records. Downloaded 701 prototype IDs. Downloaded central machine database. Downloaded 29 destinations. Downloaded encryption format records. Connection remotely terminated. [Achievement: Unlimited Data] 04200_ Dropped Prototype Device. 04200_ Acquired Prototype Hackware. 04203_ Discarded Mak. Hacking Suite. 04203_ Acquired Prototype Hackware. 04203_ Identified Deep Network Scanner. 04221_ EXIT=IDENTIFIED: PROXIMITY CAVES LOCATION=PROXIMITY CAVES GOAL=ESCAPE 04221_ Upgraded: KI Resistance % (+10) 04222_ System corrupted: Substantial component data lost. Map ----- +----------------------------------------------------+ | ???????????????????????????????????????????? | | ???????????????????????????????????????????? | | ???????????????????????????????????????????? | | ???????????????????????????????????????????? | | ???????????????????????????????????????????? | | ???????????????????????????????????????????? | | ???????????????????????????????????????????? | | ???????????????????????????????????????????? | | ???????????????????????????????????????????? | | ??????????????????? ?????????????????????? | | ??????????????????? ?????????????????????? | | ??????????????????? ?????????????????????? | | ?????????????????## ?????????????????????? | | ????????????????## ??????????????????????? | | ???????????????## ??????????????????????? | | ??????????????## ??????????????????????? | | ??????????????? ??????????????????????? | | ??????????????? ??????????????????????? | | ???????????????? ??????????????????????? | | ???????????????? ??????????????????????? | | ????????????????# ??????????????????????? | | ????????????????# #??????????????????????? | | ????????????????? #??????????????????????? | | ?????????????????# #??????????????????????? | | ?????????????????# #??????????????????????? | | ????????????????## @## #?????????????????? | | ????????????????# #?????????????????? | | ????????????????##g #?????????????????? | | ?????????????????#g ggg?????????????? | | ?????????????????#g ####g#?????????????? | | ?????????????????### ##???g??????????????? | | ????????????????????# ##???????????????????? | | ?????????????????????##????????????????????? | | ???????????????????????????????????????????? | | ???????????????????????????????????????????? | | ???????????????????????????????????????????? | | ???????????????????????????????????????????? | | ???????????????????????????????????????????? | | ???????????????????????????????????????????? | | ???????????????????????????????????????????? | | ???????????????????????????????????????????? | | ???????????????????????????????????????????? | | ???????????????????????????????????????????? | | ???????????????????????????????????????????? | | ???????????????????????????????????????????? | | ???????????????????????????????????????????? | | ???????????????????????????????????????????? | | ???????????????????????????????????????????? | | ???????????????????????????????????????????? | | ???????????????????????????????????????????? | +----------------------------------------------------+ Best States ------------- Heat Dissipation 79 Energy Generation 23 Energy Capacity 250 Matter Stores 300 Matter Capacity 300 Sight Range 21 Robot Scan Range 50 Terrain Scan Density 210 Armor Coverage 150 Resistance: KI 10 Resistance: TH 10 Resistance: EX 5 Evasion (%) 63 Targeting Accuracy 10 Offensive Hacking 55 Defensive Hacking 15 Item Schematics ----------------- Combat Drone Bay | -6/Data Miner | Free Lgt. Regenerative Plating | -6/Data Miner | Free Exp. Flexi-carbon Leg | -6/Data Miner | Free Cmb. Gravmag System | -6/Data Miner | Free Triangulator | -6/Data Miner | Free Exp. Terrain Scan Processor | -6/Data Miner | Free Tactical Coordination Suite | -6/Data Miner | Free Mni. Smartbomb Launcher | -6/Data Miner | Free Exp. ECM Suite | -6/Data Miner | Free Robot Schematics ------------------ K-01 Serf | -6/Factory | Hacked S-27 Virus | -6/Data Miner | Free G-50 Soldier | -6/Data Miner | Free X-72 Disruptor | -6/Data Miner | Free H-66 Slayer | -6/Data Miner | Free I-36 Angel | -6/Data Miner | Free Fabricated ------------ Imp. Gyrokinetic Inverter | x2 | -7/Factory | Preloaded Imp. Gyrokinetic Inverter | x2 | -7/Factory | Preloaded Alien Tech Used ----------------- None Achievements -------------- Unlimited Data Challenges ------------ None RPGLIKE | -11 -10 -10 -10 -9 -8 -7 -7 -7 -7 -6 -6 -6 -6 -6 -5 --------- Run | Scr Mat Min Exi Min Mat Fac Low Low Zio Pro Fac Low Low Dat Pro Levels Raised 11 | . . 1 . 1 2 1 . 1 . 1 2 . . 2 . XP Earned 19883 | 3000 625 1775 200 809 2696 2013 650 675 500 1775 1840 500 575 2250 . XP Spent 19245 | 2990 . 1500 . 1400 3100 1400 . 1600 . 1480 1200 1625 . 1650 1300 Upgrades 64 | 23 . 3 . 2 5 2 . 10 . 5 1 5 . 6 2 Propulsion Slot 3 | . . 1 . . 1 1 . . . . . . . . . Utility Slot 2 | . . 1 . . 1 . . . . . . . . . . Core Integrity 12 | 8 . . . . . . . . . 4 . . . . . Heat Dissipation 9 | 4 . . . . . . . . . . . . . 5 . Energy Generation 1 | . . . . . . 1 . . . . . . . . . Inventory Capacity 1 | . . . . . . . . 1 . . . . . . . Sight Range 1 | 1 . . . . . . . . . . . . . . . Sensor Range 14 | . . . . . . . . 9 . . . 5 . . . Terrain Scan Density 2 | 2 . . . . . . . . . . . . . . . Hack Attack % 6 | 2 . . . 1 1 . . . . 1 1 . . . . Hack Defense % 3 | 2 . . . 1 . . . . . . . . . . . KI Resistance % 4 | 1 . . . . 1 . . . . . . . . . 2 TH Resistance % 2 | 1 . . . . 1 . . . . . . . . . . EX Resistance % 1 | 1 . . . . . . . . . . . . . . . TH Damage % 3 | 1 . 1 . . . . . . . . . . . 1 . Protomatter Created 257 | . 78 27 . . 60 50 . . . 42 . . . . . Integrity Restored 1151 | . 125 45 . 132 300 150 . 273 . 126 . . . . . Core 1102 | . 100 45 . 132 300 150 . 249 . 126 . . . . . Parts 49 | . 25 . . . . . . 24 . . . . . . . Protomatter Decayed 347 | . 162 15 . . 8 . . 136 . . . . 26 . . Game ------ Seed DirtyHeavyConverter Manual? 0 Play Time 00:41:37 Cumulative 71.0 hours Start 2021.03.16 @ 17:51:36 End 2021.03.16 @ 20:58:25 Sessions 3 Manual Loads 0 Difficulty Rogue Special Mode Winter2019/RPGLIKE Game No. 186 Rogue 35 Adventurer 148 Explorer 3 Win Type - Total 0 Types 0/0/0/0/0/0/0/0/0 Lore% 49 Gallery% 59 Achievement% 47 Wizard Run 0 Options --------- ASCII 0 Keyboard 0 Movement Numpad Keybinds 0 Fullscreen 1 Font 14/Smallcaps Map View 84x54 Tactical HUD 1 Map Filters NONE Filters NONE Steam 1 RUN: aa040de0-a935-4134-b5dc-aa118e2e2599